[Event "2nd Serbian League-Vojvodina 2023"]
[Site "Novi Sad"]
[Date "2023.11.02"]
[Round "1.1"]
[White "Samani, Yamac"]
[Black "Horvath, Zsolt"]
[Result "1/2-1/2"]
[ECO "B90"]
[WhiteElo "2349"]
[BlackElo "2377"]
[Annotator "ChessBase"]
[PlyCount "75"]
[EventDate "2023.10.22"]
[EventType "team-tourn"]
[EventCountry "SRB"]
[SourceTitle "playchess.com"]
[Source "ChessBase"]
[SourceQuality "1"]
[TimeControl "40/5400+30:1800+30"]

1. e4 c5 2. Nf3 d6 3. d4 cxd4 4. Nxd4 Nf6 5. Nc3 a6 6. Rg1 Nc6 7. g4 Nxd4 8. Qxd4 e5 9. Qa4+ Bd7 10. Qb3 Be6 11. Bc4 Bxc4 12. Qxc4 Rc8 13. Qd3 Qc7 14. g5 Nd7 15. Be3 Qc4 16. O-O-O Qxd3 17. Rxd3 Nc5 18. Bxc5 Rxc5 19. Nd5 Be7 20. Rb3 b5 21. Ra3 Rc6 22. Rh3 Bd8 23. c3 a5 24. a3 O-O 25. Kc2 f5 26. gxf6 Bxf6 27. Rf3 Bd8 28. Rxf8+ Kxf8 29. Kd3 Kf7 30. a4 bxa4 31. Ra1 Kg6 32. Rxa4 Kg5 33. Ra1 Kh4 34. b4 Kh3 35. b5 Rc8 36. Ra2 Kxh2 37. f4+ Kg3 38. fxe5 1/2-1/2

[Event "2nd Serbian League-Vojvodina 2023"]
[Site "Novi Sad"]
[Date "2023.11.02"]
[Round "1.2"]
[White "Szalai, Kornel"]
[Black "Alimpic, Aleksa"]
[Result "0-1"]
[ECO "A09"]
[WhiteElo "2383"]
[BlackElo "2290"]
[Annotator "ChessBase"]
[PlyCount "74"]
[EventDate "2023.10.22"]
[EventType "team-tourn"]
[EventCountry "SRB"]
[SourceTitle "playchess.com"]
[Source "ChessBase"]
[SourceQuality "1"]
[TimeControl "40/5400+30:1800+30"]

1. g3 d5 2. Bg2 e5 3. c4 d4 4. d3 Nc6 5. Nf3 Bb4+ 6. Nbd2 a5 7. O-O Nf6 8. Rb1 a4 9. Ne1 O-O 10. Nc2 Bd6 11. Nf3 Re8 12. Bd2 Bg4 13. Re1 Qd7 14. Bg5 Qf5 15. Qc1 h6 16. e4 Qg6 17. Bd2 Nd7 18. Nh4 Qf6 19. f3 Be6 20. f4 Nc5 21. Bf1 exf4 22. Bxf4 g5 23. Bxd6 cxd6 24. Ng2 Ne5 25. Rd1 Bg4 26. Nxd4 Bxd1 27. Qxd1 Nexd3 28. Nf5 Rxe4 29. Bxd3 Nxd3 30. g4 Ne5 31. Nge3 Kh8 32. Qd5 Rf4 33. h3 Nf3+ 34. Kh1 Re8 35. Qb5 Qe5 36. Qxe5+ Rxe5 37. Rd1 Rfxf5 0-1

[Event "2nd Serbian League-Vojvodina 2023"]
[Site "Novi Sad"]
[Date "2023.11.02"]
[Round "1.3"]
[White "Pajcin, Lav"]
[Black "Nadj Hedjesi, Balind"]
[Result "1/2-1/2"]
[ECO "C10"]
[WhiteElo "2109"]
[BlackElo "2227"]
[Annotator "ChessBase"]
[PlyCount "24"]
[EventDate "2023.10.22"]
[EventType "team-tourn"]
[EventCountry "SRB"]
[SourceTitle "playchess.com"]
[Source "ChessBase"]
[SourceQuality "1"]
[TimeControl "40/5400+30:1800+30"]

1. e4 e6 2. d4 d5 3. Nc3 dxe4 4. Nxe4 Bd7 5. Nf3 Bc6 6. Bd3 Nd7 7. O-O Ngf6 8. Ng3 b6 9. b3 Be7 10. Bb2 O-O 11. Re1 Bb7 12. Ne5 c5 1/2-1/2

[Event "2nd Serbian League-Vojvodina 2023"]
[Site "Novi Sad"]
[Date "2023.11.02"]
[Round "1.4"]
[White "Farkas, Tibor"]
[Black "Gagic, Milan A"]
[Result "1/2-1/2"]
[ECO "B12"]
[WhiteElo "2210"]
[BlackElo "2164"]
[Annotator "ChessBase"]
[PlyCount "45"]
[EventDate "2023.10.22"]
[EventType "team-tourn"]
[EventCountry "SRB"]
[SourceTitle "playchess.com"]
[Source "ChessBase"]
[SourceQuality "1"]
[TimeControl "40/5400+30:1800+30"]

1. e4 c6 2. d4 d5 3. e5 Bf5 4. Be3 e6 5. Nd2 Nd7 6. Be2 a5 7. Ngf3 a4 8. c3 f6 9. O-O fxe5 10. Nxe5 Bd6 11. f4 Ne7 12. Bh5+ g6 13. Bf3 Bxe5 14. dxe5 Bd3 15. Be2 Bxe2 16. Qxe2 O-O 17. Nf3 Nf5 18. Bf2 Qe7 19. h3 Ng7 20. Qe3 Nf5 21. Qe2 Ng7 22. Qe3 Nf5 23. Qe2 1/2-1/2

[Event "2nd Serbian League-Vojvodina 2023"]
[Site "Novi Sad"]
[Date "2023.11.02"]
[Round "1.5"]
[White "Pavkov, Nebojsa"]
[Black "Juhasz, Bence R"]
[Result "0-1"]
[ECO "B20"]
[WhiteElo "2199"]
[BlackElo "2210"]
[Annotator "ChessBase"]
[PlyCount "116"]
[EventDate "2023.10.22"]
[EventType "team-tourn"]
[EventCountry "SRB"]
[SourceTitle "playchess.com"]
[Source "ChessBase"]
[SourceQuality "1"]
[TimeControl "40/5400+30:1800+30"]

1. g3 g6 2. Bg2 Bg7 3. e4 c5 4. f4 Nc6 5. d3 d6 6. c3 Nf6 7. Nd2 O-O 8. Nh3 Ng4 9. Nf3 b5 10. O-O b4 11. Bd2 Ba6 12. Nfg5 h5 13. Nf2 Nxf2 14. Rxf2 bxc3 15. bxc3 Bxd3 16. g4 h4 17. Qf3 Bc4 18. Qh3 f6 19. Nf3 g5 20. fxg5 fxg5 21. Nxg5 Rxf2 22. Kxf2 Qb6 23. Qxh4 Qb2 24. Qh7+ Kf8 25. Rd1 Ne5 26. Kg3 Qc2 27. Bf3 Nxf3 28. Qf5+ Ke8 29. Qxf3 Kd7 30. Qf5+ Kc7 31. Bf4 Qxc3+ 32. Kg2 Bd4 33. Ne6+ Bxe6 34. Qxe6 Re8 35. Qb3 Rb8 36. Qxc3 Bxc3 37. Rd3 Bg7 38. Rb3 Rf8 39. Kg3 c4 40. Rb4 c3 41. a4 Kd7 42. Rc4 e6 43. g5 d5 44. Rc7+ Kd8 45. Bd6 d4 46. Rxg7 d3 47. Be7+ Ke8 48. Bb4 d2 49. Rxa7 Rf3+ 50. Kxf3 d1=Q+ 51. Kf4 c2 52. Ba3 Qd2+ 53. Ke5 Qc3+ 54. Kxe6 Qb3+ 55. Kf5 Qxa3 56. Ra8+ Kd7 57. g6 c1=Q 58. g7 Qf3+ 0-1

[Event "2nd Serbian League-Vojvodina 2023"]
[Site "Novi Sad"]
[Date "2023.11.02"]
[Round "1.6"]
[White "Kecskemeti, Arpad"]
[Black "Cica, Dragan"]
[Result "1-0"]
[ECO "B80"]
[WhiteElo "2185"]
[BlackElo "2125"]
[Annotator "ChessBase"]
[PlyCount "85"]
[EventDate "2023.10.22"]
[EventType "team-tourn"]
[EventCountry "SRB"]
[SourceTitle "playchess.com"]
[Source "ChessBase"]
[SourceQuality "1"]
[TimeControl "40/5400+30:1800+30"]

1. e4 c5 2. Nf3 d6 3. d4 cxd4 4. Nxd4 Nf6 5. Nc3 a6 6. Be3 e6 7. f3 b5 8. Qd2 Bb7 9. g4 Nc6 10. Nxc6 Bxc6 11. O-O-O Rc8 12. Kb1 b4 13. Ne2 Nxe4 14. fxe4 Bxe4 15. Nd4 Bxh1 16. Bxa6 Rc5 17. Nxe6 fxe6 18. Bxc5 Qa5 19. Bxb4 Qxa6 20. Rxh1 Be7 21. Re1 e5 22. Qd5 Rf8 23. a3 Rf1 24. Qg8+ Kd7 25. Qxh7 Rxe1+ 26. Bxe1 Qe2 27. Qf5+ Kc6 28. Bb4 e4 29. a4 e3 30. Qc8+ Kd5 31. Qg8+ Ke5 32. Qxg7+ Ke6 33. Qg6+ Kd7 34. Qf5+ Ke8 35. Qb5+ Qxb5 36. axb5 Bh4 37. Bxd6 Kd7 38. Bb4 e2 39. c4 e1=Q+ 40. Bxe1 Bxe1 41. Kc2 Kd6 42. Kd3 Kc5 43. g5 1-0

[Event "2nd Serbian League-Vojvodina 2023"]
[Site "Novi Sad"]
[Date "2023.11.02"]
[Round "1.7"]
[White "Skvortsov, Andrei"]
[Black "Agdelen, Huseyin Can"]
[Result "1/2-1/2"]
[ECO "C88"]
[WhiteElo "2294"]
[BlackElo "2401"]
[Annotator "ChessBase"]
[PlyCount "70"]
[EventDate "2023.10.22"]
[EventType "team-tourn"]
[EventCountry "SRB"]
[SourceTitle "playchess.com"]
[Source "ChessBase"]
[SourceQuality "1"]
[TimeControl "40/5400+30:1800+30"]

1. e4 e5 2. Nf3 Nc6 3. Bb5 a6 4. Ba4 Nf6 5. O-O Be7 6. Re1 b5 7. Bb3 O-O 8. Nc3 d6 9. a4 b4 10. Nd5 Na5 11. Ba2 Nxd5 12. exd5 Bg4 13. d4 exd4 14. Qxd4 Bxf3 15. gxf3 Rb8 16. Qd3 Nb7 17. Qxa6 Nc5 18. Qe2 Bf6 19. Bc4 Bd4 20. a5 Qh4 21. f4 Ne4 22. Be3 Bxb2 23. a6 Bxa1 24. Rxa1 Qf6 25. Ra5 Qg6+ 26. Kf1 Nc3 27. Qd3 Qh5 28. Kg2 Qg4+ 29. Kh1 Qf3+ 30. Kg1 Rbe8 31. a7 f5 32. Qf1 Qg4+ 33. Kh1 Qf3+ 34. Kg1 Qg4+ 35. Kh1 Qf3+ 1/2-1/2

[Event "2nd Serbian League-Vojvodina 2023"]
[Site "Novi Sad"]
[Date "2023.11.02"]
[Round "1.8"]
[White "Lalic, Bogdan"]
[Black "Levitan, Caleb Levi"]
[Result "1-0"]
[ECO "E10"]
[WhiteElo "2345"]
[BlackElo "2219"]
[Annotator "ChessBase"]
[PlyCount "117"]
[EventDate "2023.10.22"]
[EventType "team-tourn"]
[EventCountry "SRB"]
[SourceTitle "playchess.com"]
[Source "ChessBase"]
[SourceQuality "1"]
[TimeControl "40/5400+30:1800+30"]

1. c4 c5 2. Nf3 Nc6 3. Nc3 e5 4. e3 Nf6 5. Be2 Be7 6. d4 d6 7. d5 Nb8 8. e4 O-O 9. O-O Ne8 10. Ne1 f5 11. exf5 Bxf5 12. Bd3 Bxd3 13. Nxd3 Bg5 14. f4 exf4 15. Bxf4 Nd7 16. Ne4 Bxf4 17. Nxf4 Qe7 18. Qc2 Nc7 19. Rae1 Ne5 20. Qc3 Rae8 21. b3 b5 22. Qg3 bxc4 23. bxc4 h6 24. Nh5 Rxf1+ 25. Rxf1 Rd8 26. Nxd6 Rxd6 27. Re1 Rb6 28. Qxe5 Qxe5 29. Rxe5 Kf7 30. Nxg7 Rb1+ 31. Kf2 Rb2+ 32. Kf3 Kxg7 33. Re7+ Kf6 34. Rxc7 Rxa2 35. Rxc5 Ke5 36. Rc6 h5 37. Kg3 a5 38. d6 Ke6 39. c5 a4 40. Ra6 Ra3+ 41. Kh4 Ra2 42. Kh3 Ra3+ 43. g3 Ra2 44. Ra7 Rc2 45. Rxa4 Rxc5 46. Rd4 Kd7 47. Kh4 Re5 48. h3 Ra5 49. g4 hxg4 50. hxg4 Ra8 51. g5 Ke6 52. d7 Rd8 53. Kh5 Kf7 54. g6+ Kf6 55. Rf4+ Ke6 56. Rf7 Rh8+ 57. Rh7 Rg8 58. g7 Kxd7 59. Kg6 1-0

[Event "2nd Serbian League-Vojvodina 2023"]
[Site "Novi Sad"]
[Date "2023.11.02"]
[Round "1.9"]
[White "Ljepic, Andrej"]
[Black "Grujic, Zoran"]
[Result "1/2-1/2"]
[ECO "B50"]
[WhiteElo "2236"]
[BlackElo "2315"]
[Annotator "ChessBase"]
[PlyCount "63"]
[EventDate "2023.10.22"]
[EventType "team-tourn"]
[EventCountry "SRB"]
[SourceTitle "playchess.com"]
[Source "ChessBase"]
[SourceQuality "1"]
[TimeControl "40/5400+30:1800+30"]

1. e4 c5 2. Nf3 d6 3. c3 Nf6 4. h3 Nc6 5. Bd3 e5 6. Bc2 d5 7. d3 h6 8. O-O d4 9. Ba4 Nd7 10. b4 dxc3 11. Nxc3 cxb4 12. Nd5 Bd6 13. Bd2 O-O 14. Bxc6 bxc6 15. Nxb4 Bb7 16. Bc3 a5 17. Nc2 Re8 18. Ne3 Ba6 19. Nc4 Bc7 20. Qc2 Bxc4 21. dxc4 Nc5 22. Rfd1 Qf6 23. Rab1 Qg6 24. Re1 Rad8 25. Re3 Qf6 26. Ree1 Nd3 27. Re3 Nf4 28. Kh2 Ne6 29. Kg1 Nf4 30. Kh2 Ne6 31. Kg1 Nf4 32. Kh2 1/2-1/2

[Event "2nd Serbian League-Vojvodina 2023"]
[Site "Novi Sad"]
[Date "2023.11.02"]
[Round "1.10"]
[White "Dragojlovic, Andjelko"]
[Black "Dimitrijevic, Nenad"]
[Result "1/2-1/2"]
[ECO "B01"]
[WhiteElo "2108"]
[BlackElo "2196"]
[Annotator "ChessBase"]
[PlyCount "76"]
[EventDate "2023.10.22"]
[EventType "team-tourn"]
[EventCountry "SRB"]
[SourceTitle "playchess.com"]
[Source "ChessBase"]
[SourceQuality "1"]
[TimeControl "40/5400+30:1800+30"]

1. e4 d5 2. exd5 Qxd5 3. Nc3 Qd6 4. d4 Nf6 5. Nf3 c6 6. g3 Bf5 7. Bg2 e6 8. O-O Qc7 9. Re1 Be7 10. Bf4 Bd6 11. Bg5 O-O 12. Bxf6 gxf6 13. Nh4 Bg6 14. Qd2 f5 15. Rad1 Rd8 16. Ne2 Nd7 17. c4 Nf6 18. a3 Bf8 19. Nc3 Rd7 20. d5 cxd5 21. cxd5 exd5 22. Qg5 d4 23. Qxf6 Bg7 24. Qg5 dxc3 25. bxc3 Rxd1 26. Rxd1 Qxc3 27. Bxb7 Bf6 28. Qc1 Qxc1 29. Rxc1 Re8 30. Nxg6 fxg6 31. a4 Re7 32. Rc8+ Kg7 33. Bd5 Bd4 34. Kf1 Bb6 35. f4 Rd7 36. Rg8+ Kf6 37. Rf8+ Kg7 38. Rg8+ Kf6 1/2-1/2

[Event "2nd Serbian League-Vojvodina 2023"]
[Site "Novi Sad"]
[Date "2023.11.02"]
[Round "1.11"]
[White "Sokic, Dragomir"]
[Black "Ilincic, Aleksa"]
[Result "1-0"]
[ECO "B11"]
[WhiteElo "2095"]
[BlackElo "2235"]
[Annotator "ChessBase"]
[PlyCount "87"]
[EventDate "2023.10.22"]
[EventType "team-tourn"]
[EventCountry "SRB"]
[SourceTitle "playchess.com"]
[Source "ChessBase"]
[SourceQuality "1"]
[TimeControl "40/5400+30:1800+30"]

1. e4 c6 2. Nc3 d5 3. d3 e6 4. Nf3 Bb4 5. Bd2 Nf6 6. a3 Be7 7. g3 O-O 8. Bg2 c5 9. O-O d4 10. Ne2 Nc6 11. b4 cxb4 12. axb4 Nxb4 13. Nexd4 e5 14. Nf5 Bxf5 15. exf5 Qc7 16. Qb1 a5 17. c3 Nbd5 18. Qb2 e4 19. Ne1 exd3 20. Nxd3 Rfd8 21. Nf4 Nb6 22. Be3 Nc4 23. Qxb7 Qxb7 24. Bxb7 Nxe3 25. fxe3 Ra7 26. Bf3 Bc5 27. Rfe1 Re8 28. Kf2 Ne4+ 29. Bxe4 Rxe4 30. Kf3 Rc4 31. Red1 h6 32. Rd8+ Kh7 33. Nd5 Ra6 34. Rc8 g6 35. g4 Rd6 36. e4 a4 37. Rb1 a3 38. Rb7 Kg7 39. e5 gxf5 40. exd6 fxg4+ 41. Kg2 Ra4 42. d7 a2 43. d8=Q a1=Q 44. Qg8# 1-0

[Event "2nd Serbian League-Vojvodina 2023"]
[Site "Novi Sad"]
[Date "2023.11.02"]
[Round "1.12"]
[White "Veljkovic, Vojislav"]
[Black "Leskovac, Nikola"]
[Result "1/2-1/2"]
[ECO "A46"]
[WhiteElo "2163"]
[BlackElo "1927"]
[Annotator "ChessBase"]
[PlyCount "80"]
[EventDate "2023.10.22"]
[EventType "team-tourn"]
[EventCountry "SRB"]
[SourceTitle "playchess.com"]
[Source "ChessBase"]
[SourceQuality "1"]
[TimeControl "40/5400+30:1800+30"]

1. Nf3 Nf6 2. d4 e6 3. Nbd2 c5 4. c3 Nc6 5. g3 Be7 6. Bg2 O-O 7. O-O b6 8. dxc5 bxc5 9. e4 d5 10. exd5 exd5 11. Re1 Re8 12. Nf1 Be6 13. Qa4 Qc7 14. Bf4 Bd6 15. Bxd6 Qxd6 16. Rad1 h6 17. Ne3 Qc7 18. Nd2 Rac8 19. Nb3 Ne7 20. Rd2 Red8 21. Red1 Rd7 22. Bf3 Qb6 23. Ng2 Rcd8 24. Nf4 Rd6 25. Qa3 Ne4 26. Bxe4 dxe4 27. Nxe6 fxe6 28. Rxd6 Rxd6 29. Re1 c4 30. Nc5 e3 31. Rxe3 Nf5 32. Re2 Rd1+ 33. Kg2 Qc6+ 34. f3 e5 35. Qa4 a6 36. Qxa6 Nh4+ 37. gxh4 Qg6+ 38. Kh3 Qf5+ 39. Kg2 Qg6+ 40. Kh3 Qf5+ 1/2-1/2

[Event "2nd Serbian League-Vojvodina 2023"]
[Site "Novi Sad"]
[Date "2023.11.02"]
[Round "1.14"]
[White "Pletl, Akos"]
[Black "Jocev, Milan"]
[Result "1/2-1/2"]
[ECO "D10"]
[WhiteElo "2155"]
[BlackElo "2338"]
[Annotator "ChessBase"]
[PlyCount "102"]
[EventDate "2023.10.22"]
[EventType "team-tourn"]
[EventCountry "SRB"]
[SourceTitle "playchess.com"]
[Source "ChessBase"]
[SourceQuality "1"]
[TimeControl "40/5400+30:1800+30"]

1. d4 d5 2. c4 c6 3. cxd5 cxd5 4. Nc3 Nf6 5. Bf4 Nc6 6. e3 Bf5 7. Qb3 Na5 8. Qa4+ Bd7 9. Qc2 Rc8 10. Bd3 e6 11. Nf3 Be7 12. h3 O-O 13. O-O b5 14. a3 Nc4 15. Ne5 h6 16. Qe2 a5 17. Nxd7 Qxd7 18. b3 Nxa3 19. Nxb5 Nxb5 20. Bxb5 Qd8 21. Rfc1 Qb6 22. Qd3 Bd6 23. Bxd6 Qxd6 24. Qd2 Qb6 25. Rxc8 Rxc8 26. Bd3 Qxb3 27. Rxa5 g6 28. Rb5 Qc3 29. Rb2 Qc1+ 30. Kh2 Qc7+ 31. Kg1 Kg7 32. Rc2 Qb7 33. Rb2 Qa7 34. Ra2 Rc1+ 35. Qxc1 Qxa2 36. Qc2 Qa1+ 37. Kh2 g5 38. Qd2 g4 39. f3 gxf3 40. gxf3 Qa3 41. Kg2 Nh5 42. Bb1 Qd6 43. Qf2 Qa3 44. Qd2 Qe7 45. Qf2 e5 46. dxe5 Qxe5 47. f4 Qc3 48. Qc2 Qf6 49. Qf5 Qb2+ 50. Qc2 Qf6 51. Qf5 Qb2+ 1/2-1/2

[Event "2nd Serbian League-Vojvodina 2023"]
[Site "Novi Sad"]
[Date "2023.11.02"]
[Round "1.15"]
[White "Stankovic, Milos M"]
[Black "Nagy, Attila N"]
[Result "1/2-1/2"]
[ECO "E01"]
[WhiteElo "2249"]
[BlackElo "2164"]
[Annotator "ChessBase"]
[PlyCount "74"]
[EventDate "2023.10.22"]
[EventType "team-tourn"]
[EventCountry "SRB"]
[SourceTitle "playchess.com"]
[Source "ChessBase"]
[SourceQuality "1"]
[TimeControl "40/5400+30:1800+30"]

1. d4 Nf6 2. c4 e6 3. Nc3 Bb4 4. g3 O-O 5. Bg2 d5 6. Nf3 dxc4 7. O-O c6 8. a4 Nbd7 9. Qc2 a5 10. Rd1 Qe7 11. e4 e5 12. d5 Nc5 13. Nd2 cxd5 14. exd5 Bg4 15. Rf1 Rac8 16. Nxc4 Bh5 17. Nb6 Rcd8 18. Be3 Bg6 19. Qd1 Qc7 20. Nc4 Nd3 21. Qb3 Nxb2 22. Qxb2 Qxc4 23. Rac1 Qg4 24. h3 Qd7 25. Rfd1 Rc8 26. Nb5 Rxc1 27. Bxc1 Be4 28. Bxe4 Nxe4 29. Qxe5 Re8 30. Qh5 Bc5 31. Kg2 Nxf2 32. Rd2 Re5 33. Qxe5 Qxh3+ 34. Kf3 Qg4+ 35. Kg2 Qh3+ 36. Kf3 Qg4+ 37. Kg2 Qd7 1/2-1/2

[Event "2nd Serbian League-Vojvodina 2023"]
[Site "Novi Sad"]
[Date "2023.11.02"]
[Round "1.16"]
[White "Gusev, Mikhail"]
[Black "Milekic, Daniel"]
[Result "1-0"]
[ECO "B42"]
[WhiteElo "2012"]
[BlackElo "2236"]
[Annotator "ChessBase"]
[PlyCount "67"]
[EventDate "2023.10.22"]
[EventType "team-tourn"]
[EventCountry "SRB"]
[SourceTitle "playchess.com"]
[Source "ChessBase"]
[SourceQuality "1"]
[TimeControl "40/5400+30:1800+30"]

1. e4 c5 2. Nf3 d6 3. d4 cxd4 4. Nxd4 Nf6 5. Nc3 a6 6. Be3 Ng4 7. Bc1 Nf6 8. Be3 e6 9. Bd3 b5 10. a3 Bb7 11. O-O Nbd7 12. f4 Qc7 13. Qe1 Ng4 14. Rd1 Nxe3 15. Qxe3 Qc5 16. Rfe1 g6 17. e5 Bg7 18. Be4 d5 19. Bf3 Nb6 20. b4 Qe7 21. Ndxb5 axb5 22. Qxb6 O-O 23. Nxb5 Rfb8 24. Qe3 Bf8 25. Ra1 Ba6 26. Nd6 Qd7 27. f5 gxf5 28. Qg5+ Kh8 29. Qf6+ Bg7 30. Qxf7 Ra7 31. Qxd7 Rxd7 32. b5 Rxd6 33. exd6 Bd4+ 34. Kh1 1-0

[Event "2nd Serbian League-Vojvodina 2023"]
[Site "Novi Sad"]
[Date "2023.11.02"]
[Round "1.19"]
[White "Georgiev, Krum"]
[Black "Bokros, Albert"]
[Result "1/2-1/2"]
[ECO "B40"]
[WhiteElo "2294"]
[BlackElo "2447"]
[Annotator "ChessBase"]
[PlyCount "67"]
[EventDate "2023.10.22"]
[EventType "team-tourn"]
[EventCountry "SRB"]
[SourceTitle "playchess.com"]
[Source "ChessBase"]
[SourceQuality "1"]
[TimeControl "40/5400+30:1800+30"]

1. e4 c5 2. Nf3 e6 3. b3 b6 4. d4 cxd4 5. Bb2 Bb7 6. Bd3 d6 7. Nxd4 Nf6 8. Nd2 Nbd7 9. O-O a6 10. f4 Nc5 11. Qf3 Be7 12. Rae1 O-O 13. Qh3 Rc8 14. c4 Nxd3 15. Qxd3 Re8 16. f5 e5 17. Ne2 b5 18. Nc3 b4 19. Nd5 Nd7 20. Kh1 a5 21. Qh3 Bf6 22. Re2 Nc5 23. Bc1 Bxd5 24. cxd5 Bg5 25. Nc4 Bxc1 26. Rxc1 a4 27. Qe3 Nb7 28. Rec2 Rc5 29. Qd2 axb3 30. axb3 Rb5 31. Qe2 Rc5 32. Qd2 Rb5 33. Qe2 Rc5 34. Qd2 1/2-1/2

[Event "2nd Serbian League-Vojvodina 2023"]
[Site "Novi Sad"]
[Date "2023.11.02"]
[Round "1.21"]
[White "Mijatovic, Dusan"]
[Black "Strbac, Mladen"]
[Result "1/2-1/2"]
[ECO "C18"]
[WhiteElo "2139"]
[BlackElo "2246"]
[Annotator "ChessBase"]
[PlyCount "85"]
[EventDate "2023.10.22"]
[EventType "team-tourn"]
[EventCountry "SRB"]
[SourceTitle "playchess.com"]
[Source "ChessBase"]
[SourceQuality "1"]
[TimeControl "40/5400+30:1800+30"]

1. e4 e6 2. d4 d5 3. Nc3 Bb4 4. e5 c5 5. a3 Ba5 6. b4 cxd4 7. Qg4 Kf8 8. Nb5 Bb6 9. Nf3 Nc6 10. Bb2 Nge7 11. Bd3 Ng6 12. Bxg6 hxg6 13. Qf4 Kg8 14. O-O f6 15. Qg3 Nxe5 16. Nxe5 fxe5 17. Qxe5 Rh5 18. Qg3 e5 19. a4 a6 20. a5 axb5 21. axb6 Rxa1 22. Rxa1 Qxb6 23. Ra8 Qc6 24. c3 Kh7 25. h3 dxc3 26. Qxc3 Qxc3 27. Bxc3 Bd7 28. Rf8 d4 29. Bb2 Rf5 30. Rxf5 gxf5 31. f4 d3 32. Bc1 exf4 33. Bxf4 Kg6 34. Kf2 Kf6 35. Ke3 Bc6 36. g3 g5 37. Bc7 Bg2 38. h4 gxh4 39. Bd8+ Ke5 40. Bxh4 Bf1 41. Be7 Kd5 42. Bf8 Kc4 43. Kd2 1/2-1/2

[Event "2nd Serbian League-Vojvodina 2023"]
[Site "Novi Sad"]
[Date "2023.11.02"]
[Round "1.22"]
[White "Milanovic, Marko"]
[Black "Mijatovic, Dejan"]
[Result "1-0"]
[ECO "B52"]
[WhiteElo "2248"]
[BlackElo "2185"]
[Annotator "ChessBase"]
[PlyCount "101"]
[EventDate "2023.10.22"]
[EventType "team-tourn"]
[EventCountry "SRB"]
[SourceTitle "playchess.com"]
[Source "ChessBase"]
[SourceQuality "1"]
[TimeControl "40/5400+30:1800+30"]

1. e4 c5 2. Nf3 d6 3. Bb5+ Bd7 4. Bxd7+ Qxd7 5. c4 e5 6. Nc3 g6 7. d3 Bg7 8. O-O Ne7 9. Rb1 Nbc6 10. a3 O-O 11. b4 h6 12. Nd5 b6 13. Bxh6 Nxd5 14. Bxg7 Nc3 15. Qd2 Nxb1 16. Qh6 f6 17. Qh8+ Kf7 18. Bxf8 Rxf8 19. Qh7+ Ke6 20. Qxd7+ Kxd7 21. Rxb1 cxb4 22. axb4 a5 23. b5 Nb4 24. Ne1 d5 25. exd5 Kd6 26. Kf1 Kc5 27. Ke2 e4 28. Kd2 Kd4 29. dxe4 Kxc4 30. Nc2 Nxc2 31. Kxc2 f5 32. e5 Kxd5 33. f4 Rc8+ 34. Kd3 Rc4 35. g3 Rd4+ 36. Kc3 Kc5 37. Re1 Re4 38. Rb1 Re3+ 39. Kd2 Re4 40. Kd3 a4 41. Kc3 Rc4+ 42. Kd3 a3 43. Ra1 Ra4 44. Kc3 Kxb5 45. Kb3 Re4 46. Rxa3 Re3+ 47. Kb2 Re2+ 48. Kc3 Rxh2 49. Kd4 Kc6 50. Rc3+ Kd7 51. Rd3 1-0

[Event "2nd Serbian League-Vojvodina 2023"]
[Site "Novi Sad"]
[Date "2023.11.02"]
[Round "1.23"]
[White "Rosic, Slavko S"]
[Black "Levnajic, Pavle"]
[Result "1-0"]
[ECO "B07"]
[WhiteElo "2212"]
[BlackElo "2160"]
[Annotator "ChessBase"]
[PlyCount "115"]
[EventDate "2023.10.22"]
[EventType "team-tourn"]
[EventCountry "SRB"]
[SourceTitle "playchess.com"]
[Source "ChessBase"]
[SourceQuality "1"]
[TimeControl "40/5400+30:1800+30"]

1. e4 d6 2. d4 Nf6 3. Nc3 e6 4. f3 a6 5. a4 d5 6. exd5 exd5 7. Bg5 Be7 8. Bd3 Nc6 9. Nce2 Nb4 10. Ng3 Nxd3+ 11. Qxd3 h6 12. Bd2 O-O 13. N1e2 a5 14. O-O b6 15. Nf5 Ba6 16. Qe3 Re8 17. Qf2 Qd7 18. Nfg3 Bd6 19. Rfe1 Bxe2 20. Rxe2 Rxe2 21. Nxe2 Qf5 22. Rc1 Re8 23. Ng3 Qd7 24. b3 Kh7 25. Re1 g6 26. Rxe8 Qxe8 27. Ne2 Qc6 28. c3 Qd7 29. Qe3 Ng8 30. Nf4 Qf5 31. Nd3 h5 32. Be1 Kg7 33. Bg3 Bxg3 34. hxg3 Nf6 35. b4 Nd7 36. Kh2 Nf8 37. bxa5 bxa5 38. Nc5 Nd7 39. Qe7 Nxc5 40. Qxc5 h4 41. Qxc7 hxg3+ 42. Qxg3 Qd7 43. Qb8 Kh7 44. Qb3 Qf5 45. Qb8 Qd7 46. Qe5 Qc6 47. Kg3 Kg8 48. Qb8+ Kg7 49. Qb3 Kf6 50. Kf2 Qd7 51. c4 dxc4 52. Qxc4 Qd6 53. d5 Qb6+ 54. Kg3 Qd6+ 55. Kh3 Qd7+ 56. g4 g5 57. Qc3+ Kg6 58. Qc6+ 1-0

[Event "2nd Serbian League-Vojvodina 2023"]
[Site "Novi Sad"]
[Date "2023.11.03"]
[Round "2.1"]
[White "Bokros, Albert"]
[Black "Mezentsev, Ivan"]
[Result "1/2-1/2"]
[ECO "B53"]
[WhiteElo "2447"]
[BlackElo "2360"]
[Annotator "RC"]
[PlyCount "32"]
[EventDate "2023.10.22"]
[EventType "team-tourn"]
[EventCountry "SRB"]
[SourceTitle "playchess.com"]
[Source "ChessBase"]
[SourceQuality "1"]
[TimeControl "40/5400+30:1800+30"]

1. e4 c5 2. Nf3 d6 3. d4 cxd4 4. Qxd4 a6 5. Be2 Nc6 6. Qe3 g6 7. O-O Bg7 8. h3 Nf6 9. Rd1 Nd7 10. Nc3 O-O 11. Nd5 b6 12. c3 Bb7 13. Bf1 e6 14. Nf4 Nde5 15. Nxe5 Nxe5 16. Nd3 Nc4 1/2-1/2

[Event "2nd Serbian League-Vojvodina 2023"]
[Site "Novi Sad"]
[Date "2023.11.03"]
[Round "2.2"]
[White "Mushini Ajay"]
[Black "Varga, Zoltan"]
[Result "1-0"]
[ECO "B02"]
[WhiteElo "2301"]
[BlackElo "2356"]
[Annotator "RC"]
[PlyCount "49"]
[EventDate "2023.10.22"]
[EventType "team-tourn"]
[EventCountry "SRB"]
[SourceTitle "playchess.com"]
[Source "ChessBase"]
[SourceQuality "1"]
[TimeControl "40/5400+30:1800+30"]

1. e4 Nf6 2. e5 Nd5 3. Bc4 Nb6 4. Bb3 c5 5. Qe2 Nc6 6. Nf3 d5 7. exd6 e6 8. Nc3 Bxd6 9. d3 O-O 10. O-O e5 11. Bg5 Be7 12. Bxe7 Qxe7 13. Rae1 Bg4 14. h3 Bxf3 15. Qxf3 Kh8 16. Qg3 Rad8 17. f4 f6 18. Qf2 a5 19. a3 Rd4 20. Ne4 Re8 21. fxe5 Nxe5 22. Nxc5 Qxc5 23. c3 Red8 24. cxd4 Rxd4 25. Rxe5 1-0

[Event "2nd Serbian League-Vojvodina 2023"]
[Site "Novi Sad"]
[Date "2023.11.03"]
[Round "2.3"]
[White "Strbac, Mladen"]
[Black "Jotic, Vladimir"]
[Result "1/2-1/2"]
[ECO "B37"]
[WhiteElo "2246"]
[BlackElo "2280"]
[Annotator "RC"]
[PlyCount "97"]
[EventDate "2023.10.22"]
[EventType "team-tourn"]
[EventCountry "SRB"]
[SourceTitle "playchess.com"]
[Source "ChessBase"]
[SourceQuality "1"]
[TimeControl "40/5400+30:1800+30"]

1. e4 c5 2. Nf3 Nc6 3. d4 cxd4 4. Nxd4 g6 5. c4 Bg7 6. Nc2 Nf6 7. Nc3 O-O 8. Be2 d6 9. O-O Nd7 10. Bd2 a5 11. Na3 Nc5 12. Nab5 Nd4 13. Be3 Nxb5 14. cxb5 a4 15. Bd4 b6 16. f4 e5 17. fxe5 Ne6 18. a3 Nxd4 19. Qxd4 Bxe5 20. Qe3 Be6 21. Rac1 Re8 22. Kh1 Ra7 23. Rf2 Rc7 24. Rcf1 Bxc3 25. bxc3 Rc5 26. c4 Qg5 27. Qd4 Qe5 28. Rd1 Qxd4 29. Rxd4 Rd8 30. Rf1 Kf8 31. Rb1 Ke7 32. Rb4 Ra8 33. Kg1 h5 34. h4 g5 35. g3 gxh4 36. gxh4 Bg4 37. Bxg4 Rg8 38. Rxa4 Rxg4+ 39. Kf2 Rxh4 40. Ra7+ Ke6 41. Rb7 Ke5 42. Rd5+ Rxd5 43. cxd5 Rh2+ 44. Kg3 Ra2 45. Rxb6 Rxa3+ 46. Kh4 Ra4 47. Kxh5 Rxe4 48. Rb7 f5 49. Rf7 1/2-1/2